 Dungeon Crawl Stone Soup version 0.31-a0-188-g5e087ee2ca (webtiles) character file.

Game seed: 13073861104605837132

133 qw the Skirmisher (level 4, -1/25 HPs)
             Began as a Deep Elf Hunter on June 22, 2023.
             Slain by a gnoll
             ... wielding a +0 spear
             ... led by a gnoll bouda
              (4 damage)
             ... on level 5 of the Dungeon.
             The game lasted 00:00:45 (1750 turns).

qw the Skirmisher (Deep Elf Hunter)                 Turns: 1750, Time: 00:00:45

Health: -1/25      AC:  6    Str: 14    XL:     4   Next: 94%
Magic:  6/6        EV: 10    Int: 14    God:
Gold:   166        SH:  0    Dex: 20    Spells: 3/3 levels left

rFire   . . .        Y - +3 shortbow
rCold   . . .        (shield currently unavailable)
rNeg    . . .        g - +0 scale mail
rPois   .            (no helmet)
rElec   .            (no cloak)
rCorr   .            (no gloves)
SInv    .            (no boots)
Will    .....        d - amulet of regeneration
Stlth   +            e - +6 ring of strength
HPRegen 1.04/turn    (no ring)
MPRegen 0.10/turn

%: no passive effects
@: weakened
A: no striking features
a: no special abilities


You were on level 5 of the Dungeon.
You visited 1 branch of the dungeon, and saw 5 of its levels.

You collected 166 gold pieces.


   Skills:
 - Level 1.5 Fighting
 + Level 8.3 Ranged Weapons
 - Level 2.4 Dodging
 - Level 1.2 Stealth


You had 3 spell levels left.
You didn't know any spells.
Your spell library was empty.

Inventory:

Hand Weapons
 Y - a +3 shortbow (weapon)
Armour
 g - a +0 scale mail (worn)
Jewellery
 d - an amulet of regeneration (around neck)
 e - a +6 ring of strength (left hand)
Potions
 a - a potion of heal wounds {unknown}
 b - a potion of might
 c - a potion of invisibility {unknown}
 f - 2 potions of attraction {unknown}
 h - a potion of enlightenment {unknown}
 l - a potion of resistance {unknown}

Dungeon Overview and Level Annotations

Branches:
Dungeon (6/15)
 Temple: D:4-7

Altars:


Message History

The arrow hits the gnoll bouda.
The gnoll bouda is moderately wounded.
The gnoll bouda closely misses you.
You shoot an arrow.
The arrow hits the gnoll bouda but does no damage.
The gnoll bouda is moderately wounded.
The gnoll hits you but does no damage. The gnoll misses you.
The gnoll bouda closely misses you.
You shoot an arrow.
The arrow barely misses the gnoll bouda.
The gnoll hits you but does no damage.
The gnoll hits you from afar with a +0 spear.
The gnoll bouda hits you with a +0 whip of electrocution.
The gnoll hits you from afar with a +0 spear.
The gnoll hits you with a +0 club.
You shoot an arrow. The arrow hits the gnoll bouda.
The gnoll bouda is moderately wounded.
The gnoll bouda hits you with a +0 whip of electrocution.
The gnoll hits you with a +0 club. The gnoll closely misses you.
You shoot an arrow.
The arrow barely misses the gnoll bouda.
Your attacks no longer feel as feeble.
The gnoll is no longer moving quickly.
The gnoll bouda gazes fiercely through you!
You feel your attacks grow feeble. The gnoll bouda barely misses you.
The gnoll hits you but does no damage. x2
The gnoll bouda barely misses you.
You shoot an arrow. The arrow hits the gnoll bouda.
The gnoll bouda is heavily wounded.
The gnoll is no longer moving quickly.
The gnoll closely misses you.
The gnoll hits you from afar with a +0 spear.
The gnoll bouda hits you but does no damage.
You shoot an arrow. The arrow hits the gnoll bouda.
The gnoll bouda is severely wounded.
The gnoll hits you with a +0 club.
The gnoll hits you from afar with a +0 spear.
The gnoll bouda barks out a call to the hunt!
The gnolls pick up the pace!
The gnoll hits you from afar with a +0 spear.
You die...

##########
......ggg#
...(...#@#
.g.g...#.#
.......#.#
.......#.#
...)...#.#
!......#.#
..........
#.#


You could see a gnoll bouda and 2 gnolls.

Vanquished Creatures
  A hound (D:5)
  An adder (D:2)
  2 gnolls (D:5)
  A worm (D:2)
  2 dart slugs
  5 orcs (D:6)
  4 ball pythons
  2 endoplasms
  2 giant cockroaches
  4 goblins (D:1)
  3 hobgoblins
  3 jackals (D:1)
  15 kobolds
  3 quokkas
  3 bats
  6 frilled lizards
  A rat (D:3)
58 creatures vanquished.

Notes
Turn   | Place    | Note
-------+----------+-------------------------------------------
     0 | D:1      | qw the Deep Elf Hunter began the quest for the Orb.
     0 | D:1      | Reached XP level 1. HP: 12/12 MP: 3/3
     0 | D:1      | 0 ||| qw: Version: 0.3-a-9-g12657ce
     0 | D:1      | 0 ||| qw: Game counter: 2852
     0 | D:1      | 0 ||| qw: Always use a shield: true
     0 | D:1      | 0 ||| qw: God list: Okawaru
     0 | D:1      | 0 ||| qw: Allow faded altars: false
     0 | D:1      | 0 ||| qw: Do Orc after D:15 true
     0 | D:1      | 0 ||| qw: Do second Lair branch before Depths: true
     0 | D:1      | 0 ||| qw: Lair rune preference: random
     0 | D:1      | 0 ||| qw: Plans: Normal
     0 | D:1      | 0 ||| PLANNING D:1-11
    50 | D:1      | HP: 1/12 [hobgoblin (3)]
   112 | D:1      | Reached XP level 2. HP: 16/16 MP: 4/4
   116 | D:1      | Reached skill level 6 in Ranged Weapons
   697 | D:1      | 697 ||| UPGRADING to +0 scale mail.
   707 | D:1      | 707 ||| DROPPING +0 leather armour.
   708 | D:1      | 708 ||| UPGRADING to +6 ring of strength.
   709 | D:1      | 709 ||| READING scroll labelled INKECY SOENUKE.
   710 | D:1      | 710 ||| READING 2 scrolls labelled SEVEYKKUFY.
   711 | D:1      | 711 ||| DRINKING 3 brown potions.
   741 | D:1      | 741 ||| DROPPING scroll of butterflies.
   742 | D:1      | 742 ||| DROPPING 2 potions of lignification.
   743 | D:1      | 743 ||| DROPPING scroll of revelation.
   796 | D:2      | 796 ||| FLEEEEING.
   799 | D:2      | Reached XP level 3. HP: 19/20 MP: 5/5
   906 | D:2      | Reached skill level 7 in Ranged Weapons
  1318 | D:2      | 1318 ||| READING scroll of enchant weapon.
  1318 | D:2      | 1318 ||| ENCHANTING +1 shortbow.
  1335 | D:2      | 1335 ||| READING scroll of enchant weapon.
  1335 | D:2      | 1335 ||| ENCHANTING +2 shortbow.
  1400 | D:2      | 1400 ||| READING scroll labelled MARCHA PIASUBE.
  1401 | D:2      | 1401 ||| READING scroll labelled CUAMUA ZUCZI.
  1402 | D:2      | 1402 ||| READING scroll labelled XULIOZXOSCH.
  1403 | D:2      | 1403 ||| READING scroll labelled NAESUN WEPTEOMI.
  1406 | D:2      | 1406 ||| DRINKING 2 bubbling dark potions.
  1550 | D:3      | Reached XP level 4. HP: 25/25 MP: 6/6
  1554 | D:3      | 1554 ||| Stepping ~*~*~tactically~*~*~ (water).
  1629 | D:3      | You fall into a shaft and drop 3 floors!
  1685 | D:6      | Found the sphere of Battle
  1713 | D:6      | 1713 ||| UPGRADING to amulet of regeneration.
  1727 | D:5      | Entered Level 5 of the Dungeon
  1734 | D:5      | Reached skill level 8 in Ranged Weapons
  1736 | D:5      | 1736 ||| Stepping ~*~*~tactically~*~*~ (outnumbered).
  1750 | D:5      | HP: 3/25 [gnoll/+0 spear[a gnoll bouda] (6)]
  1750 | D:5      | Slain by a gnoll

Levels and vault maps discovered:
D:1:      spicycebolla_arrival_clurvy, layout_basic, minmay_cupped
D:2:      layout_basic, minmay_goblin_kobold_house
D:3:      layout_rooms, trog_book, ebering_ghost_reflecting_pool,
          ebering_ecumenical_altar_sacrificial, kennysheep_generic_room_7
D:5:      layout_basic, fedhas_altar_3, hangedman_feature_mirror
D:6:      layout_basic, mainiacjoe_overflow_big_doors, uniq_duvessa

Skill      XL: |  1  2  3  4 |
---------------+-------------+-----
Ranged Weapons | 6 7 8 |  8.3
Fighting       | |  1.5
Dodging        | |  2.4
Stealth        | |  1.2

Action                     |  1- 3 |  4- 6 || total
---------------------------+-------+-------++-------
   Fire: Shortbow          |   117 |    35 ||   152
    Use: Scroll            |     8 |       ||     8
         Potion            |     2 |       ||     2
 Armour: Leather armour    |     8 |       ||     8
         Scale mail        |    13 |    13 ||    26
  Dodge: Dodged            |    27 |    12 ||    39

Table legend:
 A = Non-vault XP
 B = Vault XP
 C = Vault XP percentage of total XP
 D = Non-vault monster count
 E = Vault monster count
 F = Vault count percentage of total count
                 A         B        C        D         E       F
            +---------+---------+-------+---------+---------+-------
      Total |     173 |      18 |   9.4 |      47 |      11 |  19.0
            +---------+---------+-------+---------+---------+-------
        D:1 |      37 |       3 |   7.5 |      21 |       3 |  12.5
        D:2 |      43 |       9 |  17.3 |      14 |       6 |  30.0
        D:3 |       5 |       6 |  54.5 |       4 |       2 |  33.3
        D:5 |      73 |       0 |   0.0 |       3 |       0 |   0.0
        D:6 |      15 |       0 |   0.0 |       5 |       0 |   0.0
            +---------+---------+-------+---------+---------+-------
